Map: Zen LE

Players

Zest - Winner!

  • Race: Protoss Protoss
  • Spawn Location: 7:00

HeroMarine

  • Race: Terran Terran
  • Spawn Location: 1:00

Event: Shopify TSL 5

VOD

Have the link to the VOD?

Description

Time

  • Played on: May 30, 2020, 10:27 a.m.
  • Length: 6:27

All games in this series

Show
View Real Time Build Order
Export as new Build Order

Zest Protoss - Winner!

Build Orders: 1 Gate Expand, Blink Stalkers 

Get SALT Encoding   

  12  0:01  Probe  
  13  0:13  Probe  
  14  0:17  Pylon  
  14  0:25  Probe (Chrono Boost)  
  15  0:37  Probe (Chrono Boost), Gateway  
  16  0:45  Probe (Chrono Boost)  
  16  0:47  Assimilator  
  17  0:51  Probe  
  18  1:03  Probe  
  19  1:15  Probe  
  20  1:24  Cybernetics Core  
  20  1:32  Nexus  
  22  1:43  Probe  
  22  1:46  Pylon  
  21  1:47  Assimilator  
  21  1:55  Probe  
  22  2:02  Stalker (Chrono Boost)  
  22  2:04  Warp Gate  
  22  2:07  Probe (Chrono Boost)  
  25  2:19  Probe (Chrono Boost)  
  26  2:23  Probe (Chrono Boost)  
  26  2:29  Twilight Council  
  27  2:34  Probe  
  27  2:37  Stalker  
  30  2:45  Probe  
  30  2:46  Probe  
  32  2:57  Blink (Chrono Boost)  
  32  2:58  Probe, Gateway  
  33  2:59  Probe  
  34  3:10  Probe  
  34  3:12  Probe  
  36  3:16  Stalker  
  38  3:22  Probe  
  38  3:24  Probe  
  40  3:34  Probe  
  40  3:36  Probe, Robotics Facility  
  40  3:41  Pylon  
  42  3:47  Probe  
  42  3:48  Probe  
  44  3:53  Sentry  
  46  3:58  Nexus  
  46  4:01  Assimilator  
  46  4:03  Stalker  
  46  4:04  Phoenix  
  46  4:05  Probe  
  46  4:08  Probe  
  50  4:13  Pylon  
  50  4:21  Probe x2  
  51  4:24  Stalker  
  51  4:29  Observer  
  54  4:33  Probe  
  54  4:36  Gateway  
  54  4:37  Gateway  
  55  4:39  Stalker  
  55  4:40  Probe  
  59  4:46  Pylon  
  59  4:51  Immortal (Chrono Boost)  
  62  5:03  Pylon  
  62  5:07  Stalker x2  
  62  5:10  Gateway  
  62  5:11  Gateway  
  62  5:12  Shield Battery  
  62  5:14  Shield Battery  
  66  5:26  Immortal (Chrono Boost)  
  70  5:30  Stalker x3  
  74  5:53  Stalker x2  
  68  5:59  Stalker x2  
  70  6:06  Zealot x2  
  74  6:13  Pylon  
  74  6:17  Stalker  
Show
View Real Time Build Order
Export as new Build Order

HeroMarine Terran 

Build Orders: Cyclone Opening 

Get SALT Encoding   

  12  0:01  SCV  
  13  0:13  SCV  
  14  0:17  Supply Depot  
  14  0:25  SCV  
  15  0:38  SCV  
  15  0:40  Barracks  
  16  0:45  Refinery  
  16  0:50  SCV  
  16  0:56  Refinery  
  17  1:03  SCV  
  18  1:15  SCV  
  19  1:27  Reaper  
  19  1:28  Orbital Command  
  20  1:38  Supply Depot  
  20  1:51  Factory  
  20  1:53  SCV  
  21  2:05  SCV  
  22  2:18  SCV  
  22  2:19  Barracks Reactor  
  23  2:30  SCV  
  23  2:34  Command Center  
  23  2:36  Factory Tech Lab  
  24  2:42  SCV, Barracks  
  25  2:53  Supply Depot  
  25  2:55  SCV, Cyclone  
  29  3:01  Marine  
  29  3:02  Marine  
  31  3:12  Barracks  
  31  3:15  SCV  
  31  3:19  Marine  
  33  3:20  Marine  
  34  3:29  Siege Tank  
  34  3:31  SCV  
  38  3:34  Barracks Tech Lab  
  38  3:37  Marine  
  40  3:53  Marine, Marauder  
  40  3:55  Marine  
  44  3:56  Concussive Shells  
  44  3:59  Marine  
  44  4:01  Siege Tank  
  47  4:07  Orbital Command  
  47  4:14  SCV, Marauder  
  50  4:17  Marine  
  50  4:18  Marine  
  50  4:20  Marine  
  53  4:36  Siege Tank  
  53  4:37  Supply Depot  
  55  4:38  Combat Shield  
  55  4:44  Barracks Tech Lab, Marauder  
  57  4:47  Marine  
  57  4:48  Marine  
  57  4:51  SCV  
  61  5:00  Supply Depot  
  61  5:03  Marauder  
  61  5:06  Marauder  
  64  5:09  Marine x2  
  66  5:16  Siege Tank  
  68  5:25  SCV x2  
  69  5:40  Marine, Marauder x2  
  69  5:41  Marine  
  70  5:50  SCV x2  
  62  6:01  Marauder  
  62  6:02  SCV x2  
  62  6:14  SCV  
Tags
 
Add a new tag
Caveats
  • Supply blocks, unpowered buildings, or Contaminate may cause inaccurate times.
  • Supply counts are checked every 10 seconds.